AoeStats
← ekansdilos_

Arena

510087183Analyzed
2v2 RM · 23h ago on Sep 29, 2026· 67m 13s· 4 players
Game mode
Random Map
Map size
Medium (4 player)
Population
200
Speed
Normal
Resources
Standard
Victory
Conquest
Starting age
Dark Age
Ending age
Imperial Age
RankedLock teamsTeams togetherTeam positionsShared explorationLock speedFull tech treeHidden civsTurbo modeCheats
Victory
Defeat
🇬🇧 Franks · United Kingdom
665
+17
🇩🇪 Persians · Germany
652
+18
🇦🇺 Spanish · Australia
693
-18
🇪🇸 Turks · Spain
681
-17
FrankSteel9190
13:09 Feudal Age
14:18 Wheelbarrow
14:13 Horse Collar
14:23 Double-Bit Axe
19:00 Castle Age
17:19 Town Watch
19:47 Heavy Plow
20:28 Hand Cart
22:04 Caravan
32:10 Squires
32:36 Scale Barding Armor
32:44 Forging
39:59 Town Watch
40:00 Loom
46:05 Imperial Age
43:08 Man-at-Arms
45:41 Town Patrol
46:19 Chain Barding Armor
46:35 Iron Casting
45:51 Fletching
46:29 Ballistics
46:04 Murder Holes
45:38 Long Swordsman
46:04 Gambesons
45:44 Capped Ram
46:58 Conscription
48:35 Chemistry
48:20 Citadels
48:36 Siege Ram
49:41 Pikeman
51:34 Citadels
51:26 Kamandaran
50:48 Elite War Elephant
52:05 Hoardings
53:00 Crop Rotation
53:35 Blast Furnace
53:11 Plate Barding Armor
52:32 Bodkin Arrow
52:38 Scale Mail Armor
52:38 Padded Archer Armor
53:02 Husbandry
52:24 Cavalier
53:16 Bloodlines
53:52 Bloodlines
55:49 Savar
57:53 Chain Mail Armor
57:54 Leather Archer Armor
Delacoal
12:28 Feudal Age
16:37 Castle Age
14:54 Forging
15:09 Scale Barding Armor
16:10 Loom
16:41 Double-Bit Axe
21:49 Gold Mining
23:00 Husbandry
24:09 Bow Saw
29:39 Fletching
29:59 Ordonnance Companies
32:38 Gold Shaft Mining
31:53 Stone Mining
32:35 Bodkin Arrow
33:02 Chain Barding Armor
32:42 Padded Archer Armor
37:25 Iron Casting
37:06 Leather Archer Armor
38:39 Wheelbarrow
42:35 Imperial Age
42:43 Imperial Age
42:38 Ballistics
43:46 Chivalry
44:11 Conscription
44:13 Hand Cart
43:43 Town Watch
43:26 Cavalier
43:33 Heavy Mounted Crossbowman
43:35 Cranequins
46:18 Town Patrol
47:03 Plate Barding Armor
47:29 Blast Furnace
48:05 Caravan
52:36 Paladin
ekansdilos_
0:36 Loom
10:11 Feudal Age
11:55 Wheelbarrow
12:13 Town Watch
12:59 Double-Bit Axe
21:14 Castle Age
19:41 Horse Collar
19:57 Fletching
20:11 Padded Archer Armor
20:07 Stone Mining
20:08 Gold Mining
22:51 Hand Cart
25:29 Gold Mining
26:56 Town Patrol
30:10 Caravan
31:22 Murder Holes
31:48 Ballistics
38:06 Imperial Age
36:20 Leather Archer Armor
39:30 Squires
46:40 Conscription
51:44 Elite Janissary
53:23 Gold Shaft Mining
57:45 Arrowslits
58:21 Bombard Tower
fat sandwiches
11:32 Feudal Age
18:46 Castle Age
17:13 Horse Collar
17:19 Double-Bit Axe
17:41 Stone Mining
19:02 Gold Mining
21:52 Heavy Plow
21:44 Town Watch
23:12 Ballistics
23:00 Squires
22:21 Pikeman
25:52 Wheelbarrow
25:17 Gambesons
30:18 Hand Cart
29:49 Loom
30:29 Murder Holes
30:27 Fletching
36:15 Imperial Age
35:09 Bodkin Arrow
35:40 Arson
36:26 Husbandry
36:36 Bloodlines
36:45 Bloodlines
37:33 Conscription
37:13 Cavalier
42:51 Thumb Ring
45:23 Elite Conquistador
46:34 Halberdier
51:36 Hoardings
50:31 Elite Skirmisher
55:18 Forging
55:23 Caravan
57:37 Paladin
62:20 Heavy Mounted Crossbowman
68:03 Chemistry
Connection lost

Rejoining the realm…

Still unreachable

The connection could not be restored.

Session expired

The server has moved on; the page needs a fresh start.